 Dungeon Crawl Stone Soup version 0.30.0-20-g3b4254fcbd (webtiles) character file.

Game seed: 12247178646268372066

43766 Destapler the Tortoise (level 13, -7/98 HPs)
             Began as a Demonspawn Gladiator on May 30, 2023.
             Was the Champion of Makhleb.
             Mangled by a sun demon (11 damage)
             ... summoned by an orc high priest
             ... on level 2 of the Orcish Mines on June 2, 2023.
             The game lasted 01:49:50 (18622 turns).

Destapler the Tortoise (Demonspawn Gladiator)      Turns: 18622, Time: 01:49:51

Health: -7/98      AC: 28    Str: 20 (24) XL:     13   Next: 92%
Magic:  17/17      EV: 18    Int:  3 (9)  God:    Makhleb [******]
Gold:   2474       SH:  0    Dex: 23      Spells: 12/12 levels left

rFire   . . .        a - +2 hand axe (pain)
rCold   . . .        (no shield)
rNeg    . . .        L - +2 plate armour {rPois}
rPois   +            m - +0 helmet
rElec   .            T - +2 cloak {Stlth+}
rCorr   .            (gloves unavailable)
SInv    .            x - +0 pair of boots
Will    .....        (no amulet) Stlth
                     l - +6 ring of dexterity
HPRegen 0.36/turn    E - +6 ring of strength
MPRegen 0.15/turn

%: no passive effects
@: agile, spiked
A: repulsion field 1, powered by pain 2, bedeviling, demonic touch 3,
deterioration 1, passive freeze
a: Renounce Religion, Minor Destruction, Lesser Servant of Makhleb, Major
Destruction, Greater Servant of Makhleb


You were on level 2 of the Orcish Mines.
You worshipped Makhleb.
Makhleb was exalted by your worship.
You visited 3 branches of the dungeon, and saw 17 of its levels.
You also visited: Sewer and Bailey.

You collected 2474 gold pieces.

Inventory:

Hand Weapons
 a - a +2 hand axe of pain (weapon)
 b - the +3 executioner's axe "Tiulyuke" {flame, Str-3 Int+5}
   (You found it in a bailey)

   Str:       It affects your strength (-3).
   Int:       It affects your intelligence (+5).
 e - a +4 hand axe of freezing
 p - a +2 shortbow of electrocution
Missiles
 d - 2 throwing nets
 i - a curare-tipped dart
 r - 20 poisoned darts
 H - 7 javelins
 I - 19 boomerangs
 Q - 4 atropa-tipped darts
Armour
 f - a +0 cloak
 g - a +3 scale mail
 j - a +3 leather armour of cold resistance
 m - a +0 helmet (worn)
 x - a +0 pair of boots (worn)
 L - a +2 plate armour of poison resistance (worn)
 T - a +2 cloak of stealth (worn)
 U - a +1 robe of fire resistance
Jewellery
 h - a +6 ring of dexterity
 l - a +6 ring of dexterity (left hand)
 E - a +6 ring of strength (right hand)
 O - a ring of wizardry
 R - a +4 ring of protection
Wands
 k - a wand of iceblast (9)
 n - a wand of mindburst (25)
 D - a wand of light (3)
 S - a wand of flame (7)
Scrolls
 c - a scroll of enchant weapon
 s - 2 scrolls of butterflies {unknown}
 t - a scroll of silence
 v - 2 scrolls of fog {unknown}
 w - 4 scrolls of blinking
 y - 2 scrolls of enchant armour {unknown}
 C - 3 scrolls of identify
 G - 5 scrolls of teleportation
 K - 4 scrolls of poison {unknown}
 M - a scroll of fear
 P - a scroll of amnesia
Potions
 o - 5 potions of brilliance
 q - 2 potions of magic {unknown}
 u - a potion of cancellation
 z - a potion of attraction {unknown}
 A - 5 potions of curing {unknown}
 B - a potion of haste
 F - a potion of invisibility
 J - 2 potions of flight
 V - a potion of degeneration {unknown}
Miscellaneous
 N - a condenser vane


   Skills:
 - Level 8.0 Fighting
 - Level 5.2(6.0) Axes
 - Level 4.1(5.4) Polearms
 - Level 3.0 Throwing
 + Level 19.7 Armour
 - Level 6.0 Dodging
 - Level 4.0 Stealth
 - Level 4.0 Necromancy
 - Level 6.0 Invocations
 - Level 3.0 Evocations


You had 12 spell levels left.
You didn't know any spells.
Your spell library contained the following spells:

 Spells                   Type           Power      Damage    Failure   Level
 Sublimation of Blood     Necr           2%         N/A       80%         2
 Freeze                   Ice            0%         1d3       99%         1
 Magic Dart               Conj           0%         1d3       99%         1
 Cigotuvi's Dreadful Rot  Necr/Pois/Air  0%         N/A       99%         2
 Searing Ray              Conj           0%         2d4       100%        2
 Static Discharge         Conj/Air       0%         2-2/arc   100%        2
 Dazzling Flash           Conj/Hex       0%         N/A       100%        3
 Frozen Ramparts          Ice            0%         1d1       100%        3
 Hailstorm                Conj/Ice       0%         3d3       100%        3
 Ignite Poison            Fire/Tmut/Pois 0%         N/A       100%        3
 Ozocubu's Armour         Ice            0%         N/A       100%        3
 Volatile Blastmotes      Fire/Tloc      0%         2d10      100%        3
 Airstrike                Air            0%         2d(0-16)  100%        4
 Fulminant Prism          Conj/Hex       0%         3d5       100%        4
 Iskenderun's Mystic Bla  Conj/Tloc      0%         2d3       100%        4
 Petrify                  Tmut/Erth      0%         N/A       100%        4
 Summon Lightning Spire   Summ/Air       0%         N/A       100%        4
 Alistair's Intoxication  Tmut/Pois      0%         N/A       100%        5
 Borgnjor's Vile Clutch   Necr/Erth      0%         N/A       100%        5
 Freezing Cloud           Conj/Ice/Air   0%         6-21      100%        5
 Irradiate                Conj/Tmut      0%         3d11      100%        5
 Conjure Ball Lightning   Conj/Air       0%         3x3d6     100%        6
 Eringya's Noxious Bog    Tmut/Pois      0%         N/A       100%        6
 Starburst                Conj/Fire      0%         6d3       100%        6
 Ozocubu's Refrigeration  Ice            0%         4d7       100%        7
 Discord                  Hex            0%         N/A       100%        8
 Disjunction              Tloc           0%         N/A       100%        8


Dungeon Overview and Level Annotations

Branches:
Dungeon (10/15)            Temple (0/1) D:4            Lair (5/5) D:9
  Swamp (0/4) Lair:2        Snake (0/4) Lair:3        Slime (0/5) Lair:4
    Orc (2/2) D:10            Elf (0/3) Orc:2         Sewer (visited)
 Bailey (visited)

Altars:
Gozag
Kikubaaqudgha
Makhleb
Uskayaw
Vehumet
Wu Jian
Jiyva

Shops:
D:4 [   D:5 ((=[   Orc:1 :   Orc:2 *:*(

Portals:
Pandemonium: Orc:2

Annotations:
Lair:5 Rupert


Innate Abilities, Weirdness & Mutations

You are surrounded by a mild repulsion field. (EV +2)
You sometimes gain power by taking damage.
Your hexes are more powerful.
Your touch may irresistibly damage your foes and sap their willpower.
Your body sometimes deteriorates upon taking damage.
A frigid envelope surrounds you and freezes all who hurt you.


Message History

The orc high priest is lightly wounded.
The orc high priest utters an invocation to Beogh.
The red devil hits you from afar with a +0 trident.
Barbed spikes become lodged in your body.
The stone arrow hits the orc high priest!
The orc high priest is moderately wounded.
The rust devil disappears in a puff of smoke!
The sun demon hits you!
Your body deteriorates!
You feel dopey.
You are engulfed in flames!
Your body deteriorates!
You feel weakened.
The sun demon is frozen!
The sun demon is very cold.
The sun demon is lightly wounded.
The orc high priest hits you but does no damage.
The orc high priest is very cold.
The orc high priest is heavily wounded.
The red devil barely misses you.
You completely miss the orc high priest.
You touch the orc high priest!
You sap its willpower!
The orc high priest is severely wounded.
You hit the sun demon. The sun demon hits you!
You focus on the pain.
You feel agile all of a sudden.
You are engulfed in flames!
* * * LOW HITPOINT WARNING * * *
The sun demon is frozen!
The sun demon is very cold.
The sun demon is heavily wounded.
The orc high priest completely misses you.
The red devil barely misses you.
The orange demon stings you but does no damage.
You hit the orc high priest.
The orc high priest writhes in agony.
The orc high priest is severely wounded.
You hit the sun demon. The sun demon misses you.
The orc high priest hits you but does no damage.
The orc high priest is very cold.
The orc high priest is almost dead.
The sun demon hits you!
* * * LOW HITPOINT WARNING * * *
Your body deteriorates!
You feel dopey.
You are engulfed in flames!
You die...

##.....#...###∩.∩###..........
###.......#.###.....###...##....
##..#.......###..#.#..###..####.#
#....#.....###.........###..# ###
#.........###[..#.#.#...#####
.........###.)...........## #
........###[)#.#.44[.#.#..## ##
.......###))##[)3o#.[..##..## #.
......###[.###..@###...###..## ##
.....###..###..§##.##...###..###.
.....##..###...##...##)..###).##.
........###...##.....##...###....
.......###...##..#.#..##...###...
......###.#.##..#∩.∩#..##.#.###..
...[.###...##[)##...##..##...###.
()....###.#)##..##∩##..##.#.###..
..[...####.).##..###..##...###...


You could see an orc high priest (weak-willed), a sun demon (summoned), an
orange demon (summoned) and a red devil (summoned).

Vanquished Creatures
  An ettin (Orc:2)
  Josephine (Lair:4)
  3 hydras
  Fannar (Lair:3)
  A demonspawn (Orc:2)
  3 orc high priests (Orc:2)
  Nergalle (Lair:1)
  A sun demon (Orc:2)
  2 skysharks (Lair:5)
  4 orc knights
  A bog body (Lair:2)
  A deep elf pyromancer (D:10)
  A cyclops (Orc:2)
  Maurice (Orc:2)
  Joseph (D:7)
  5 elephants (Lair:2)
  A black mamba (Lair:1)
  7 cane toads
  A smoke demon (Orc:2)
  8 komodo dragons
  3 rime drakes
  A red devil (Orc:2)
  A troll (D:8)
  A hornet (D:7)
  A tyrant leech (Lair:5)
  Prince Ribbit (D:7)
  8 dream sheep (Lair:4)
  22 blink frogs
  2 slime creatures (Lair:4)
  3 wraiths (Lair:4)
  A shadow (D:10)
  2 wyverns
  25 yaks
  2 fire elementals (Lair:4)
  3 basilisks (Lair:2)
  Grum (D:7)
  A steam dragon (Lair:3)
  4 nagas (Lair:3)
  A two-headed ogre zombie (D:10)
  Duvessa (D:6)
  10 water moccasins
  23 orc warriors
  A sky beast (D:7)
  7 black bears
  An ice beast (D:8)
  19 wolves
  7 ogres
  A centaur (D:9)
  3 kobold brigands (Sewer)
  3 phantoms
  Blork the orc (D:5)
  13 bullfrogs
  2 gnoll sergeants (D:9)
  A scorpion (D:5)
  4 wights (D:7)
  Dowan (D:6)
  2 troll zombies (D:10)
  4 electric eels
  5 jellies
  16 orc priests
  Crazy Yiuf (D:7)
  3 gnoll boudas
  3 hounds
  2 sleepcaps (D:6)
  4 iguanas
  10 orc wizards
  5 ogre zombies (D:10)
  28 gnolls
  12 adders
  4 river rats (Sewer)
  A white imp (D:6)
  A worm (D:2)
  A dart slug (D:4)
  67 orcs
  10 ball pythons
  5 bats
  7 endoplasms
  4 giant cockroaches
  7 hobgoblins
  2 jackals (D:4)
  7 kobolds
  12 quokkas
  8 frilled lizards
  10 goblins
  2 hobgoblin skeletons (D:10)
  4 hobgoblin zombies (D:10)
  7 orc skeletons (D:10)
  11 orc zombies (D:10)
  7 rats
498 creatures vanquished.

Vanquished Creatures (collateral kills)
  Gastronok (D:8)
  A two-headed ogre (D:9)
  A yak (D:9)
  An orc priest (D:9)
  An orc wizard (D:9)
  2 orcs
7 creatures vanquished.

Vanquished Creatures (others)
  An orc (Bailey)
1 creature vanquished.

Grand Total: 506 creatures vanquished

Notes
Turn   | Place    | Note
-------+----------+-------------------------------------------
     0 | D:1      | Destapler the Demonspawn Gladiator began the quest for the
                  | Orb.
     0 | D:1      | Reached XP level 1. HP: 16/16 MP: 1/1
   155 | D:1      | Gained mutation: Your touch may inflict minor irresistible
                  | damage on your foes. [demonic ancestry]
   155 | D:1      | Reached XP level 2. HP: 22/22 MP: 2/2
   381 | D:1      | Reached skill level 1 in Stealth
   416 | D:1      | Reached XP level 3. HP: 28/28 MP: 3/3
  1814 | D:3      | Gained mutation: You sometimes gain a little power by
                  | taking damage. [demonic ancestry]
  1814 | D:3      | Reached XP level 4. HP: 34/34 MP: 4/4
  2285 | D:3      | Reached skill level 1 in Armour
  2291 | D:3      | Gained mutation: You sometimes gain power by taking damage.
                  | [demonic ancestry]
  2291 | D:3      | Reached XP level 5. HP: 40/40 MP: 5/5
  2501 | D:3      | Identified the +1 buckler of Gravitas {*Corrode rN+ Int+6}
  2717 | D:3      | Found a burning altar of Makhleb.
  2720 | D:3      | Became a worshipper of Makhleb the Destroyer
  2733 | D:3      | Found an opulent altar of Gozag.
  2824 | D:4      | Found Geatapuo's Antique Armour Emporium.
  2874 | D:4      | Gained mutation: Your touch may inflict irresistible damage
                  | on your foes. [demonic ancestry]
  2874 | D:4      | Reached XP level 6. HP: 41/47 MP: 6/6
  2937 | D:4      | Found a glowing drain.
  2953 | Sewer    | Entered a sewer
  3128 | Sewer    | Reached * piety under Makhleb
  3268 | Sewer    | Reached skill level 2 in Armour
  3388 | Sewer    | Gained mutation: Your touch may irresistibly damage your
                  | foes and sap their willpower. [demonic ancestry]
  3388 | Sewer    | Reached XP level 7. HP: 47/52 MP: 7/7
  3987 | D:4      | Found an ancient bone altar of Kikubaaqudgha.
  4204 | D:4      | Found a staircase to the Ecumenical Temple.
  4466 | D:5      | Entered Level 5 of the Dungeon
  4466 | D:5      | Found Tenamori's Weapon Shop.
  4466 | D:5      | Found Risijuaf's Weapon Shop.
  4466 | D:5      | Found Kywkerpho's Jewellery Shop.
  4590 | D:5      | Found Zutuhu's Antique Armour Shoppe.
  4606 | D:5      | Noticed Blork the orc
  4618 | D:5      | Killed Blork the orc
  4626 | D:5      | Reached ** piety under Makhleb
  4818 | D:5      | Reached skill level 1 in Necromancy
  4818 | D:5      | Reached skill level 1 in Invocations
  4938 | D:5      | Reached XP level 8. HP: 61/61 MP: 9/9
  4957 | D:5      | Reached skill level 1 in Axes
  4993 | D:5      | Reached skill level 3 in Armour
  5035 | D:5      | Found an ornate altar of the Wu Jian Council.
  5187 | D:5      | Reached skill level 5 in Fighting
  5543 | D:6      | Noticed Dowan
  5563 | D:6      | Killed Dowan
  5615 | D:6      | Noticed Duvessa
  5622 | D:6      | Killed Duvessa
  5803 | D:6      | Gained mutation: You are surrounded by a mild repulsion
                  | field. (EV +2) [demonic ancestry]
  5803 | D:6      | Reached XP level 9. HP: 68/69 MP: 12/12
  5913 | D:6      | Reached skill level 5 in Dodging
  6199 | D:6      | Reached skill level 5 in Invocations
  6460 | D:7      | Noticed Prince Ribbit
  6462 | D:7      | Found a flagged portal.
  6482 | D:7      | Killed Prince Ribbit
  6486 | Bailey   | Entered a bailey
  6520 | Bailey   | Reached *** piety under Makhleb
  6578 | Bailey   | Reached skill level 1 in Evocations
  6764 | Bailey   | Noticed an orc knight
  6994 | Bailey   | Identified the +3 executioner's axe "Tiulyuke" {flame,
                  | Str-3 Int+5}
  6996 | Bailey   | Acquired 725 gold pieces
  7217 | D:7      | Gained mutation: A frigid envelope surrounds you and
                  | freezes all who hurt you. [potion of mutation]
  7217 | D:7      | Gained mutation: Your body sometimes deteriorates upon
                  | taking damage. [potion of mutation]
  7272 | D:7      | Reached skill level 5 in Axes
  7272 | D:7      | Reached skill level 4 in Armour
  7297 | D:7      | Noticed Joseph
  7310 | D:7      | Killed Joseph
  7311 | D:7      | Gained mutation: Your hexes are more powerful. [demonic
                  | ancestry]
  7311 | D:7      | Reached XP level 10. HP: 69/77 MP: 14/14
  7418 | D:7      | Found a radiant altar of Vehumet.
  7543 | D:7      | Noticed a +0 dagger
  7543 | D:7      | Noticed a +0 falchion
  7543 | D:7      | Noticed a +0 short sword
  7546 | D:7      | Noticed a +0 falchion
  7685 | D:7      | Found a runed translucent door.
  7686 | D:7      | Noticed Crazy Yiuf
  7693 | D:7      | Killed Crazy Yiuf
  8014 | D:7      | Noticed a +0 spear
  8016 | D:7      | Noticed a +0 short sword
  8016 | D:7      | Noticed a +0 dagger
  8017 | D:7      | Noticed a +0 spear
  8019 | D:7      | Found a hide-covered altar of Uskayaw.
  8128 | D:8      | Noticed Grum
  8134 | D:7      | Killed Grum
  8135 | D:7      | Reached skill level 5 in Armour
  8504 | D:8      | Noticed Gastronok
  8921 | D:8      | Killed Gastronok
  8922 | D:8      | Reached skill level 7 in Armour
  9296 | D:8      | Reached skill level 8 in Armour
  9355 | D:8      | Reached skill level 9 in Armour
  9356 | D:8      | Reached **** piety under Makhleb
  9901 | D:8      | Reached skill level 10 in Armour
 10476 | D:9      | Noticed a two-headed ogre
 10487 | D:9      | Killed a two-headed ogre
 10488 | D:9      | Reached skill level 11 in Armour
 10488 | D:9      | Reached XP level 11. HP: 32/86 MP: 15/15
 10501 | D:9      | Reached skill level 12 in Armour
 10510 | D:9      | Found a staircase to the Lair.
 10735 | D:10     | Entered Level 10 of the Dungeon
 10932 | D:9      | Noticed a six-headed hydra
 10932 | D:9      | Noticed a deep elf knight
 10935 | D:9      | Noticed a brown ugly thing
 10938 | D:9      | Noticed a centaur warrior
 11015 | D:9      | Reached skill level 13 in Armour
 11079 | Lair:1   | Entered Level 1 of the Lair of Beasts
 11541 | Lair:1   | Noticed Nergalle
 11559 | Lair:1   | Killed Nergalle
 11560 | Lair:1   | Reached skill level 14 in Armour
 11654 | Lair:1   | Found an opulent altar of Gozag.
 11747 | Lair:1   | Identified the +9 sling of the Sea {drain, rElec rN+ Str+3}
 12279 | Lair:2   | Reached ***** piety under Makhleb
 12281 | Lair:2   | Noticed a bog body
 12290 | Lair:2   | Killed a bog body
 12293 | Lair:2   | Found a staircase to the Swamp.
 12298 | Lair:2   | Noticed a seven-headed hydra
 12305 | Lair:2   | Killed a six-headed hydra
 12333 | Lair:2   | Reached skill level 15 in Armour
 12333 | Lair:2   | Reached XP level 12. HP: 77/92 MP: 16/16
 12570 | Lair:2   | Noticed a five-headed hydra
 12576 | Lair:2   | Killed a five-headed hydra
 13062 | Lair:2   | Reached skill level 16 in Armour
 13403 | Lair:3   | Found a staircase to the Snake Pit.
 13889 | Lair:3   | Noticed Fannar
 13917 | Lair:3   | Killed Fannar
 14645 | Lair:4   | Found a staircase to the Slime Pits.
 14645 | Lair:4   | Found a viscous altar of Jiyva.
 14683 | Lair:4   | Reached skill level 17 in Armour
 14763 | Lair:4   | Noticed a six-headed hydra
 14769 | Lair:4   | Killed a five-headed hydra
 14837 | Lair:4   | Noticed Josephine
 14863 | Lair:4   | Killed Josephine
 15084 | Lair:4   | Reached XP level 13. HP: 95/96 MP: 17/17
 15654 | Lair:5   | Entered Level 5 of the Lair of Beasts
 15654 | Lair:5   | Noticed Rupert
 15738 | Lair:5   | Reached skill level 18 in Armour
 16369 | D:10     | Reached ****** piety under Makhleb
 16389 | D:10     | Found a staircase to the Orcish Mines.
 16444 | Orc:1    | Entered Level 1 of the Orcish Mines
 16831 | Orc:1    | Found Yluaciz's Book Shop.
 17029 | Orc:2    | Entered Level 2 of the Orcish Mines
 17032 | Orc:2    | Noticed Maurice
 17073 | Orc:2    | Killed Maurice
 17274 | Orc:2    | Noticed an ettin
 17284 | Orc:2    | Killed an ettin
 17285 | Orc:2    | Reached skill level 19 in Armour
 17319 | Orc:2    | Found Tidatrux's General Store.
 17328 | Orc:2    | Found Wyekletz's General Store.
 18114 | Orc:2    | Found a staircase to the Elven Halls.
 18579 | Orc:2    | Found Naih's Book Boutique.
 18579 | Orc:2    | Found Zinipner's Antique Weapon Shop.
 18580 | Orc:2    | Found a one-way gate leading to the halls of Pandemonium.
 18584 | Orc:2    | Upgraded the game from 0.30.0-19-g36f170ea60 to
                  | 0.30.0-20-g3b4254fcbd
 18622 | Orc:2    | HP: 4/98 [sun demon[an orc high priest] (16)]
 18622 | Orc:2    | Mangled by a sun demon

Illustrated notes

Levels and vault maps discovered:
D:1:      dpeg_arrival_ratfight, layout_basic, grunt_decor_resistance
D:2:      layout_basic
D:3:      layout_loops_corners, mainiacjoe_overflow_swirl, tso_altar
D:4:      layout_basic, mainiacjoe_overflow_catwalk,
          minmay_temple_entry_antechambers, serial_shops,
          nicolae_shop_real_fake_doors, portal_sewer_entry_f
D:5:      layout_cave_pools, kennysheep_little_box, serial_shops, shop,
          hangedman_decor_peaks_small, nicolae_shop_distant_corner_stores,
          uniq_blork_the_orc
D:6:      layout_loops_ring, kennysheep_small_circle, uniq_duvessa
D:7:      layout_loops_ring, lemuel_coloured_pillars_altar,
          nicolae_uskayaw_en_pointe, nicolae_overflow_hidden_temple,
          enter_bailey_2, uniq_prince_ribbit1, uniq_joseph,
          uniq_crazy_yiuf_cottage
D:8:      layout_layer_cave, minmay_misc_feat_columns, grunt_decor_fettered,
          hangedman_decor_clover_reticule, water_maze_lemuel, uniq_gastronok,
          uniq_grum
D:9:      layout_basic, lair_entry_dummy, onia_ninara_dug_in_and_dangerous
D:10:     minmay_the_grid_triangle_9x9_rhombus_thin_mashed
          [minmay_the_grid_triangle_9x9_steps,
          minmay_the_grid_triangle_9x9_prize_schism,
          minmay_the_grid_triangle_9x9_flanged_cone,
          minmay_the_grid_triangle_9x9_windchime], layout_irregular_city,
          zombieorc2_lemuel, kennysheep_generic_room_9
Lair:1:   layout_chaotic_city, basic_altar, lemuel_fruit_tree, uniq_nergalle
Lair:2:   layout_regular_city, skrybe_swamp_entry_bodies
Lair:3:   layout_cave_pods, minmay_snake_entry_guardpost_medium, serial_rivers,
          chequers_serial_rivers_micro_b, chequers_serial_rivers_room_a,
          chequers_serial_rivers_micro_a, chequers_serial_rivers_marsh,
          chequers_serial_rivers_large_b, nicolae_quartered_pool_super,
          grunt_megastairs_3, serial_bayou_shore_b, uniq_fannar
Lair:4:   layout_gridlike, minmay_slime_entry_pillars, dreamdust_gnoll_shepherd,
          uniq_josephine
Lair:5:   minmay_lair_end_frog_pond, layout_gridlike, grunt_megastairs_2,
          uniq_rupert
Orc:1:    layout_caves, serial_shops, nicolae_shop_hallway_stairs
Orc:2:    pf_orc_diabolical, layout_caves, uniq_maurice

Skill      XL: |  1  2  3  4  5  6  7  8  9 10 11 12 13 |
---------------+----------------------------------------+-----
Throwing       | 2 3 |  3.0
Stealth        | 1 2 3 4 |  4.0
Polearms       | 3 4 |  4.1
Dodging        | 3 4 5 6 |  6.0
Armour         | 1 2 3 4 11 15 17 19 | 19.7
Fighting       | 3 4 5 6 8 |  8.0
Necromancy     | 1 3 4 |  4.0
Invocations    | 1 4 6 |  6.0
Axes           | 3 5 |  5.2
Evocations     | 2 3 |  3.0

Action                     |  1- 3 |  4- 6 |  7- 9 | 10-12 | 13-15 || total
---------------------------+-------+-------+-------+-------+-------++-------
  Melee: Trident           |   102 |   119 |    48 |       |       ||   269
         Touch             |     7 |    26 |    57 |    94 |    85 ||   269
         Punch             |       |     1 |     3 |     8 |     5 ||    17
         Hand axe          |       |       |   194 |   393 |   392 ||   979
         Executioner's axe |       |       |       |    38 |       ||    38
  Throw: Throwing net      |     1 |     1 |       |       |       ||     2
         Stone             |     4 |     4 |     5 |       |       ||    13
         Javelin           |     1 |     3 |     2 |       |       ||     6
         Dart              |       |    19 |    22 |     6 |       ||    47
         Boomerang         |       |       |       |     2 |       ||     2
 Invoke: Minor Destruction |       |       |    58 |    30 |    14 ||   102
         Lesser Servant of |       |       |     2 |     2 |       ||     4
  Evoke: Wand              |       |       |     3 |       |       ||     3
    Use: Scroll            |     8 |     5 |     6 |     3 |     1 ||    23
         Potion            |       |     1 |     4 |     5 |       ||    10
   Stab: Sleeping          |     5 |     7 |    10 |     2 |       ||    24
         Distracted        |     1 |       |       |     1 |       ||     2
         Invisible         |       |       |     2 |       |       ||     2
 Armour: Leather armour    |    23 |    22 |    64 |     1 |       ||   110
         Plate armour      |       |       |       |   290 |   208 ||   498
  Dodge: Dodged            |    45 |    62 |   203 |   330 |   266 ||   906
